 Dungeon Crawl Stone Soup version 0.21.1-1-g345015fe64 (webtiles) character file.

39846 Henning the Protected (level 13, -9/109 HPs)
             Began as a Minotaur Fighter on June 20, 2018.
             Was a High Priest of Trog.
             Killed from afar by a hell hog (21 damage)
             ... with a fireball
             ... on level 2 of the Abyss.
             The game lasted 00:37:17 (14524 turns).

Henning the Protected (Minotaur Fighter)           Turns: 14524, Time: 00:37:18

Health: -9/109     AC: 25    Str: 26    XL:     13   Next: 71%
Magic:  0/12       EV: 15    Int:  5    God:    Trog [*****.]
Gold:   785        SH: 14    Dex: 18    Spells: 12/12 levels left

rFire    . . .     SeeInvis .   D - +4 war axe
rCold    . . .     Gourm    .   c - +0 shield
rNeg     . . .     Faith    .   v - +0 plate armour
rPois    .         Spirit   +   M - +2 hat
rElec    .         Reflect  .   n - +0 cloak
rCorr    .         Harm     .   g - +2 pair of gloves
MR       ++...                  (no boots)
Stlth    ..........             C - amulet of guardian spirit
HPRegen  1.28/turn              m - +3 ring of dexterity
MPRegen  0.13/turn              I - +5 ring of strength

@: regenerating
A: retaliatory headbutt, horns 2, yellow scales 1, frail 1, mutation resistance
1
a: Berserk, Trog's Hand, Brothers in Arms, Burn Spellbooks, Renounce Religion


You were on level 2 of the Abyss.
You worshipped Trog.
Trog was extremely pleased with you.
You were hungry.

You visited 2 branches of the dungeon, and saw 16 of its levels.
You visited the Abyss 1 time.

You collected 881 gold pieces.
You spent 96 gold pieces at shops.

Inventory:

Hand Weapons
 q - a +1 hand axe of venom
 D - a +4 war axe (weapon)
Armour
 c - a +0 shield (worn)
 g - a +2 pair of gloves (worn)
 n - a +0 cloak (worn)
 v - a +0 plate armour (worn)
 F - +0 steam dragon scales
 M - a +2 hat (worn)
Jewellery
 m - a +3 ring of dexterity (left hand)
 r - an uncursed ring of protection from cold
 x - an uncursed ring of protection from fire
 C - an amulet of guardian spirit (around neck)
 H - an uncursed ring of flight
 I - a +5 ring of strength (right hand)
Wands
 h - a wand of enslavement (5)
 B - a wand of iceblast (28)
 G - a wand of acid (15)
Scrolls
 a - 2 scrolls of torment {unknown}
 k - 6 scrolls of teleportation
 l - a scroll of enchant armour
 p - 3 scrolls of fear
 u - 2 scrolls of remove curse
 y - 3 scrolls of immolation
 E - a scroll of enchant weapon {unknown}
 J - 2 scrolls of identify
 L - 3 scrolls of fog {unknown}
Potions
 b - 5 potions of curing
 d - 2 potions of might
 e - a potion of brilliance
 i - a potion of cancellation
 j - a potion of agility
 o - 3 potions of flight
 s - a potion of haste
 t - 3 potions of heal wounds
 w - a potion of resistance
 z - a potion of ambrosia {unknown}
 A - 4 potions of lignification
Books
 K - a book of Party Tricks

   Spells                             Type                      Level
   a - Summon Butterflies             Summoning                    1
   b - Apportation                    Translocation                1
   c - Lesser Beckoning               Translocation                3
   d - Tukima's Dance                 Hexes                        3
   e - Alistair's Intoxication        Transmutation/Poison         5
   f - Invisibility                   Hexes                        6
   Trog disapproves of the use of such an item.
Comestibles
 f - 21 rations


   Skills:
 + Level 13.0 Fighting
 + Level 12.8 Axes
 + Level 13.2 Armour
 + Level 11.6 Dodging
 + Level 13.0 Shields


You had 12 spell levels left.
You didn't know any spells.

Dungeon Overview and Level Annotations

Branches:
Dungeon (15/15)            Temple (1/1) D:7            Lair (0/6) D:10
    Orc (0/2) D:12         Vaults (0/5) D:13
 Depths: D:15

Altars:
Ashenzari
Cheibriados
Dithmenos
Elyvilon
Fedhas
Gozag
Hepliaklqana
Kikubaaqudgha
Makhleb
Nemelex Xobeh
Okawaru
Qazlal
Ru
Sif Muna
Trog
Uskayaw
Vehumet
Wu Jian
Xom
Yredelemnul
Zin
The Shining One

Shops:
D:6 *   D:7 %?

Portals:
Trove: D:10 (give +4 storm dragon scales)

Annotations:
D:11 Sonja


Innate Abilities, Weirdness & Mutations

You reflexively headbutt those who attack you in melee.
You have a pair of horns on your head.
You are partially covered in yellow scales. (AC +2)
You are frail. (-10% HP)
You are somewhat resistant to further mutation.


Message History

Your shield and plate armour prevent you from hitting the hell hog.
The hell hog is lightly wounded.
The hell hog closely misses you.
You hit the hell hog. You headbutt the hell hog.
The hell hog is lightly wounded.
The hell hog breathes fire at you.
The fireball explodes!
The fireball engulfs you!
* * * LOW HITPOINT WARNING * * *
The fireball engulfs the hell hog.
The hell hog resists.
You hear a shout!
You hear a screech!
Your plate armour prevents you from hitting the hell hog.
You headbutt the hell hog!
The hell hog is moderately wounded.
The hell hog bites you but does no damage. x2
You slash the hell hog!
You headbutt the hell hog, but do no damage.
The hell hog is heavily wounded.
The hell hog breathes fire at you.
The fireball explodes!
The fireball engulfs you!
You die...

#..............
###......# ..
... ##.#.......
.... #........#
#...#....# .. .
. # #......# ...
#.#......#.....
#......>..# .#
.....##@####....
.#.#.h.# # ....
#.#...## #. . .
. #....# # . ..
. #...#. .... ..
..#..# . # # #
... .#. .. .##.
.


You could see a hell hog.

Vanquished Creatures
  Frances (D:13)
  Nessos (D:14)
  Azrael (D:13)
  Josephine (D:12)
  Erolcha (D:13)
  A hydra (D:9)
  The ghost of Evaline the Archer, a journeyman CeHu of Okawaru (D:11)
  A centaur warrior (D:14)
  7 two-headed ogres
  2 tengu warriors (D:15)
  The ghost of JarielCorvus the Destroyer, a journeyman DEVM of Vehumet (D:10)
  A shadow wraith (Abyss:2)
  2 unseen horrors
  A wizard (D:14)
  Pikel (D:5)
  A wolf spider zombie (Abyss:2)
  An orc knight (D:15)
  2 deep elf magi
  A salamander (shapeshifter) (D:13)
  8 ugly things
  A cyclops (D:12)
  A manticore (D:14)
  A centaur zombie (D:14)
  4 gargoyles
  6 centaur skeletons
  An efreet (D:13)
  A tormentor (Abyss:2)
  A yaktaur (shapeshifter) (D:15)
  3 trolls
  A hornet (shapeshifter) (D:13)
  A dream sheep (shapeshifter) (D:13)
  2 hippogriffs
  A spriggan (D:9)
  3 vampires
  A shadow (D:11)
  A fire elemental (D:13)
  4 wyverns
  5 wraiths
  2 basilisks
  4 hungry ghosts
  5 vampire mosquitoes
  A steam dragon (D:10)
  A swamp worm (shapeshifter) (D:13)
  An acid dragon (D:14)
  2 hell hounds (D:13)
  2 water moccasins
  11 orc warriors
  A black bear (shapeshifter) (D:15)
  4 ice beasts
  7 sky beasts
  2 phantoms
  2 black bears
  3 necrophages
  8 ogres
  6 centaurs
  5 boggarts (D:14)
  7 big kobolds
  6 bullfrogs
  A wyvern skeleton (D:9)
  9 scorpions
  4 killer bees (D:9)
  13 wights
  5 howler monkeys
  7 crimson imps
  A quasit (Abyss:2)
  A bullfrog zombie (D:13)
  8 hounds
  A gnoll shaman (D:8)
  13 orc priests
  A jelly (D:6)
  13 orc wizards
  2 bullfrog skeletons
  3 iguanas
  11 worker ants
  A hound skeleton (D:7)
  7 gnolls
  A howler monkey skeleton (D:4)
  A worker ant zombie (D:8)
  9 adders
  4 shadow imps
  An ooze (D:2)
  An adder zombie (D:8)
  2 adder skeletons
  4 dart slugs
  9 leopard geckos
  50 orcs
  7 bats
  7 giant cockroaches
  18 goblins
  7 hobgoblins
  4 jackals (D:3)
  6 quokkas
  A ball python (D:3)
  3 frilled lizards
  46 kobolds
  A leopard gecko skeleton (D:6)
  A quokka skeleton (D:4)
  A quokka zombie (D:7)
  2 rats (D:1)
441 creatures vanquished.

Vanquished Creatures (others)
  A slave (D:5)
  A boggart (D:14)
  A jelly (D:13)
  A worker ant (D:13)
  An adder skeleton (D:5)
  A withered plant (D:8)
6 creatures vanquished.

Grand Total: 447 creatures vanquished

Notes
Turn   | Place    | Note
-------+----------+-------------------------------------------
     0 | D:1      | Henning the Minotaur Fighter began the quest for the Orb.
     0 | D:1      | Reached XP level 1. HP: 19/19 MP: 0/0
   157 | D:1      | Reached XP level 2. HP: 25/27 MP: 1/1
   593 | D:2      | Reached XP level 3. HP: 33/33 MP: 2/2
   677 | D:2      | Reached skill level 1 in Dodging
   915 | D:2      | Reached XP level 4. HP: 36/40 MP: 3/3
  1529 | D:3      | Reached XP level 5. HP: 15/47 MP: 4/4
  2308 | D:4      | Reached skill level 5 in Armour
  2310 | D:4      | Reached XP level 6. HP: 22/55 MP: 5/5
  2898 | D:5      | Entered Level 5 of the Dungeon
  2898 | D:5      | Found an iron altar of Okawaru.
  2909 | D:5      | Reached skill level 5 in Shields
  3004 | D:5      | Reached skill level 5 in Fighting
  3087 | D:5      | Noticed a slave
  3089 | D:5      | Noticed Pikel
  3090 | D:5      | Noticed a slave
  3092 | D:5      | Noticed a slave
  3094 | D:5      | Noticed a slave
  3123 | D:5      | Killed Pikel
  3123 | D:5      | Reached skill level 5 in Axes
  3123 | D:5      | Reached XP level 7. HP: 6/62 MP: 6/6
  3578 | D:5      | Reached XP level 8. HP: 70/70 MP: 7/7
  4172 | D:6      | Found a hazy altar of Hepliaklqana.
  4384 | D:6      | Found Pigiteqa's General Store.
  4392 | D:6      | Bought a potion of mutation for 96 gold pieces
  4430 | D:6      | Reached skill level 5 in Dodging
  4720 | D:7      | Reached XP level 9. HP: 75/79 MP: 8/8
  5065 | D:7      | Found Jofior's Magic Scroll Emporium.
  5078 | D:7      | Found Quomeske's Food Boutique.
  5263 | D:7      | Found a staircase to the Ecumenical Temple.
  5302 | Temple   | Entered the Ecumenical Temple
  5375 | Temple   | Became a worshipper of Trog the Wrathful
  5676 | D:8      | Gained mutation: Scrolls take you a little longer to read. [potion of mutation]
  5676 | D:8      | Gained mutation: Your flesh is cold resistant. (rC+) [potion of mutation]
  5676 | D:8      | Gained mutation: You have a pair of large horns on your head. [potion of mutation]
  5676 | D:8      | Gained mutation: You have an increased reservoir of magic. (+10% MP) [potion of mutation]
  5677 | D:8      | Lost mutation: You have an increased reservoir of magic. (+10% MP) [potion of mutation]
  5677 | D:8      | Lost mutation: You have a pair of large horns on your head. [potion of mutation]
  5677 | D:8      | Gained mutation: You are partially covered in icy blue scales. (AC +2) [potion of mutation]
  5677 | D:8      | Lost mutation: Your flesh is cold resistant. (rC+) [potion of mutation]
  5677 | D:8      | Gained mutation: Your mind is acute. (Int +2) [potion of mutation]
  5787 | D:8      | Reached * piety under Trog
  5963 | D:8      | Noticed a two-headed ogre
  5971 | D:8      | Killed a two-headed ogre
  5971 | D:8      | Reached XP level 10. HP: 48/90 MP: 5/9
  7402 | D:9      | Noticed a seven-headed hydra
  7404 | D:9      | Reached ** piety under Trog
  7414 | D:9      | Killed a 16-headed hydra
  7901 | D:9      | Noticed a two-headed ogre
  7913 | D:9      | Killed a two-headed ogre
  8102 | D:10     | Entered Level 10 of the Dungeon
  8153 | D:10     | Killed an unseen horror
  8153 | D:10     | Reached skill level 10 in Armour
  8153 | D:10     | Reached XP level 11. HP: 84/99 MP: 8/10
  8176 | D:10     | Lost mutation: Your mind is acute. (Int +2) [potion of mutation]
  8176 | D:10     | Lost mutation: Scrolls take you a little longer to read. [potion of mutation]
  8176 | D:10     | Lost mutation: You are partially covered in icy blue scales. (AC +2) [potion of mutation]
  8176 | D:10     | Gained mutation: Scrolls take you a little longer to read. [potion of mutation]
  8176 | D:10     | Gained mutation: You are partially covered in yellow scales. (AC +2) [potion of mutation]
  8176 | D:10     | Gained mutation: You are somewhat resistant to further mutation. [potion of mutation]
  8176 | D:10     | Gained mutation: You are robust. (+10% HP) [potion of mutation]
  8177 | D:10     | Lost mutation: Scrolls take you a little longer to read. [potion of mutation]
  8177 | D:10     | Lost mutation: You are robust. (+10% HP) [potion of mutation]
  8177 | D:10     | Gained mutation: You are frail. (-10% HP) [potion of mutation]
  8228 | D:10     | Found a staircase to the Lair.
  8345 | D:10     | Noticed a tengu warrior
  8351 | D:10     | Found a portal to a secret trove of treasure.
  8358 | D:10     | Noticed a four-headed hydra
  8358 | D:10     | Noticed a deep elf mage
  8359 | D:10     | Noticed a two-headed ogre
  8359 | D:10     | Noticed an orc knight
  8360 | D:10     | Noticed a deep elf mage
  8463 | D:10     | Noticed JarielCorvus's ghost (journeyman DEVM)
  8470 | D:10     | Killed JarielCorvus's ghost
  8470 | D:10     | Reached skill level 10 in Fighting
  8470 | D:10     | Reached skill level 10 in Shields
  8856 | D:11     | Noticed a two-headed ogre
  8856 | D:11     | Noticed Evaline's ghost (journeyman CeHu)
  8861 | D:11     | Killed a two-headed ogre
  8884 | D:11     | Killed Evaline's ghost
  9230 | D:11     | Reached skill level 10 in Axes
  9242 | D:11     | Noticed Sonja
  9615 | D:11     | Reached *** piety under Trog
  9694 | D:12     | Noticed a deep elf mage
  9705 | D:12     | Killed a deep elf mage
  9727 | D:12     | Noticed Josephine
  9744 | D:12     | Killed Josephine
 10079 | D:12     | Noticed a two-headed ogre
 10095 | D:12     | Killed a two-headed ogre
 10143 | D:12     | Reached **** piety under Trog
 10172 | D:12     | Reached XP level 12. HP: 46/99 MP: 8/11
 10212 | D:12     | Found a staircase to the Orcish Mines.
 11098 | D:13     | Found a gate to the Vaults.
 11103 | D:13     | Paralysed by a hornet for 3 turns
 11167 | D:13     | Reached ***** piety under Trog
 11585 | D:13     | Noticed Frances
 11595 | D:13     | HP: 4/99 [Frances/iron shot (18)]
 11597 | D:13     | Killed Frances
 11597 | D:13     | Reached skill level 10 in Dodging
 11842 | D:13     | Noticed Erolcha
 11850 | D:13     | Killed Erolcha
 12046 | D:13     | Noticed Azrael
 12058 | D:13     | Killed Azrael
 12137 | D:13     | Noticed a two-headed ogre
 12145 | D:13     | Killed a two-headed ogre
 12314 | D:14     | Noticed Nessos
 12337 | D:14     | HP: 4/100 [poisoned by Nessos]
 12570 | D:14     | Killed Nessos
 12632 | D:14     | Reached XP level 13. HP: 74/106 MP: 7/12
 12850 | D:14     | Received a gift from Trog
 13680 | D:15     | Entered Level 15 of the Dungeon
 14426 | D:15     | Cast into level 2 of the Abyss (a wizard)
 14524 | Abyss:2  | Killed from afar by a hell hog

Skill      XL: |  1  2  3  4  5  6  7  8  9 10 11 12 13 |
---------------+----------------------------------------+-----
Armour         | 4 5 6 7 8 10 11 12 13 | 13.2
Fighting       | 4 5 6 7 8 9 11 12 13 | 13.0
Dodging        | 1 2 3 4 5 6 8 9 10 11 | 11.6
Shields        | 4 5 6 7 8 9 11 12 13 | 13.0
Axes           | 3 5 6 8 9 10 12 | 12.8

Action                   |  1- 3 |  4- 6 |  7- 9 | 10-12 | 13-15 || total
-------------------------+-------+-------+-------+-------+-------++-------
Melee: War axe           |   102 |    38 |   146 |   664 |   287 ||  1237
       Headbutt          |    13 |    28 |    55 |   181 |    95 ||   372
       Hand axe          |       |   111 |    90 |       |       ||   201
Invok: Berserk           |       |       |       |     3 |       ||     3
       Trog's Hand       |       |       |       |     2 |     1 ||     3
       Burn Spellbooks   |       |       |       |     2 |       ||     2
  Use: Scroll            |       |       |    12 |     5 |       ||    17
       Potion            |       |       |     2 |     4 |       ||     6
  Eat: Chunk             |       |     7 |    10 |    20 |     7 ||    44
       Ration            |       |       |       |     3 |       ||     3
Armor: Scale mail        |    48 |       |       |       |       ||    48
       Chain mail        |       |    33 |       |       |       ||    33
       Plate armour      |       |    40 |    92 |   300 |   163 ||   595
Dodge: Dodged            |    40 |    28 |    55 |   227 |   108 ||   458
Block: Shield            |    59 |    69 |   122 |   405 |   188 ||   843
